 Dungeon Crawl Stone Soup version 0.18.1-48-g4cf74bf (webtiles) character file.

1488 Nahar the Reanimator (level 8, -11/46 HPs)
             Began as a Deep Elf Necromancer on Aug 8, 2016.
             Killed by divine providence
             ... invoked by an orc priest
              (15 damage)
             ... on level 8 of the Dungeon on Aug 9, 2016.
             The game lasted 00:56:58 (6250 turns).

Nahar the Reanimator (Deep Elf Necromancer)         Turns: 6250, Time: 00:56:59

Health: -11/46     AC:  9    Str:  5    XL:     8   Next: 51%
Magic:  0/21       EV: 14    Int: 23    God:
Gold:   372        SH:  0    Dex: 18    Spells: 6 memorised, 6 levels left

rFire  . . .     SeeInvis .     j - +2 short sword
rCold  . . .     Gourm    +     l - +2 leather armour
rNeg   . . .     Faith    .     (no shield)
rPois  .         Spirit   .     (no helmet)
rElec  .         Dismiss  .     (no cloak)
rCorr  .         Reflect  .     (no gloves)
SustAt .         Harm     .     (no boots)
MR     +....                    t - amulet of the gourmand
Stlth  +++.......               E - ring of protection from magic
                                u - +4 ring of dexterity

@: very slightly contaminated, somewhat resistant to hostile enchantments,
fairly stealthy
A: rough black scales 1, blurry vision 1
a: no special abilities


You were on level 8 of the Dungeon.
You were not hungry.

You visited 1 branch of the dungeon, and saw 8 of its levels.

You collected 372 gold pieces.

Inventory:

Hand Weapons
 h - a +0 dagger
 j - a +2 short sword (weapon)
Armour
 a - a +0 robe
 l - a +2 leather armour (worn)
Magical Staves
 i - an uncursed staff of earth
Jewellery
 f - an uncursed amulet of harm
 m - an uncursed ring of see invisible
 t - an amulet of the gourmand (around neck)
 u - a +4 ring of dexterity (left hand)
 x - an uncursed ring of ice
 y - a +5 ring of strength
 B - an uncursed ring of resist corrosion
 E - a ring of protection from magic (right hand)
Scrolls
 k - 2 scrolls of amnesia
 p - a scroll of fog
 q - 2 scrolls of remove curse
 z - 2 scrolls of identify
Potions
 d - 2 potions of flight
 e - a potion of brilliance {unknown}
 n - a potion of mutation
 o - a potion of resistance {unknown}
 r - a potion of cure mutation {unknown}
 s - 2 potions of might
 v - a potion of degeneration {unknown}
 w - 2 potions of magic
 A - a potion of ambrosia {unknown}
 D - a potion of cancellation {unknown}
 F - a potion of agility {unknown}
 H - a potion of berserk rage {unknown}
Books
 b - a book of Necromancy

   Spells                             Type                      Level
   a - Pain                           Necromancy                   1
   b - Animate Skeleton               Necromancy                   1
   c - Vampiric Draining              Necromancy                   3
   d - Regeneration                   Charms/Necromancy            3
   e - Animate Dead                   Necromancy                   4
   f - Control Undead                 Necromancy                   4
Comestibles
 c - 4 bread rations
 g - 4 fruits
 C - a slice of pizza


   Skills:
 * Level 3.1 Fighting
 + Level 1.7 Short Blades
 + Level 2.3 Armour
 + Level 5.2 Dodging
 - Level 3.7 Stealth
 + Level 7.9 Spellcasting
 + Level 8.1 Necromancy


You had 6 spell levels left.
You knew the following spells:

 Your Spells              Type           Power        Failure   Level  Hunger
a - Pain                  Necr           ####         1%          1    None
b - Animate Skeleton      Necr           N/A          1%          1    None
c - Regeneration          Chrm/Necr      ####......   8%          3    None
d - Vampiric Draining     Necr           #####.....   1%          3    None
e - Animate Dead          Necr           N/A          4%          4    ###....
f - Control Undead        Necr           #####.....   4%          4    ###....


Dungeon Overview and Level Annotations

Branches:
Dungeon (8/15)
 Temple: D:4-7         Lair: D:8-11

Altars:
Dithmenos
Elyvilon
Okawaru
Trog

Annotations:
D:7 WarriorsX's ghost, novice HECj


Innate Abilities, Weirdness & Mutations

You are partially covered in rough black scales (AC +4, Dex -1).
Scrolls take you a little longer to read.


Message History

Aim: an orc, wearing a leather armour (severely wounded)
You kill the orc!
You feel life coursing into your body.
The crimson imp blinks!
The orc priest barely misses you. The orc closely misses you.
Casting: Vampiric Draining
Confirm with . or Enter, or press ? or * to list all spells.
Aiming: Vampiric Draining
Press: ? - help, Shift-Dir - straight line, f - orc
Aim: an orc, wielding a hand axe (severely wounded)
You kill the orc!
You feel life coursing into your body.
The orc priest mumbles some strange prayers to Beogh against you.
Pain shoots through your body!
* * * LOW HITPOINT WARNING * * *
Casting: Vampiric Draining
Confirm with . or Enter, or press ? or * to list all spells.
Okay, then.
The orc priest calls down the wrath of Beogh upon you.
Beogh smites you!
You die...

#.. #..#.# ....... #.#
#..#.# ....... #.#
#..#.# ....... #.#
#..#.# ....... #.#
#..#.###5...... #.#
#...... ....... #.#
#....###....... #.#
#.[@........... #.#
###..#)########## #.#
#.....o5......# #.#
#.............# #.#
#.............# #.#
#.............# #.#
#.............######.#
####..........'......#
#.#####....########


You could see an orc priest and a crimson imp.

Vanquished Creatures
  A phantom (D:6)
  An orc warrior (D:6)
  2 sky beasts
  An ice beast (D:7)
  An ogre (D:5)
  4 giant frogs
  A howler monkey (D:8)
  A crimson imp (D:6)
  An orc wizard (D:5)
  3 hounds
  A giant frog zombie (D:5)
  An orc priest (D:5)
  A giant frog skeleton (D:5)
  3 iguanas
  2 worker ants
  A hound skeleton (D:6)
  3 gnolls (D:2)
  5 adders
  A shadow imp (D:5)
  An ooze (D:6)
  2 worms
  2 dart slugs
  7 giant geckos
  23 orcs
  10 bats
  3 giant cockroaches
  5 goblins
  9 hobgoblins
  8 jackals
  5 quokkas
  A ball python (D:1)
  A giant gecko skeleton (D:5)
  6 giant newts
  7 kobolds
  6 rats
130 creatures vanquished.

Vanquished Creatures (collateral kills)
  A scorpion (D:4)
1 creature vanquished.

Grand Total: 131 creatures vanquished

Notes
Turn   | Place    | Note
--------------------------------------------------------------
     0 | D:1      | Nahar the Deep Elf Necromancer began the quest for the Orb.
     0 | D:1      | Reached XP level 1. HP: 10/10 MP: 6/6
   342 | D:1      | Learned a level 1 spell: Pain
   344 | D:1      | Learned a level 1 spell: Animate Skeleton
   434 | D:1      | Reached skill level 5 in Necromancy
   504 | D:1      | Reached XP level 2. HP: 7/15 MP: 1/8
  1172 | D:2      | Found a bloodstained altar of Trog.
  1229 | D:2      | Reached XP level 3. HP: 17/19 MP: 5/9
  1303 | D:2      | Learned a level 3 spell: Regeneration
  1307 | D:2      | Learned a level 3 spell: Vampiric Draining
  1884 | D:2      | Reached XP level 4. HP: 16/24 MP: 11/11
  1989 | D:3      | Gained mutation: You are partially covered in rough black scales (AC +4, Dex -1). [potion of mutation]
  1989 | D:3      | Gained mutation: Scrolls take you a little longer to read. [potion of mutation]
  2021 | D:3      | Found a faded altar to an unknown god.
  2032 | D:3      | Reached skill level 6 in Necromancy
  2040 | D:3      | Became a worshipper of Elyvilon the Healer
  2040 | D:3      | Reached * piety under Elyvilon
  2082 | D:3      | Fell from the grace of Elyvilon
  2953 | D:3      | Reached XP level 5. HP: 16/28 MP: 13/13
  2961 | D:3      | Learned a level 4 spell: Animate Dead
  3536 | D:4      | Found a shadowy altar of Dithmenos.
  3649 | D:4      | Reached skill level 1 in Armour
  3833 | D:5      | Entered Level 5 of the Dungeon
  3914 | D:5      | Noticed a sky beast
  3938 | D:5      | Killed a sky beast
  3938 | D:5      | Reached skill level 5 in Spellcasting
  3938 | D:5      | Reached XP level 6. HP: 26/33 MP: 5/16
  4012 | D:5      | Reached skill level 1 in Fighting
  4401 | D:5      | Reached skill level 7 in Necromancy
  4495 | D:5      | Learned a level 4 spell: Control Undead
  4588 | D:5      | Reached skill level 1 in Short Blades
  4588 | D:5      | Reached XP level 7. HP: 9/39 MP: 8/17
  4958 | D:6      | Found an iron altar of Okawaru.
  5306 | D:6      | Reached XP level 8. HP: 28/45 MP: 1/20
  5770 | D:7      | Noticed WarriorsX's ghost (novice HECj)
  5772 | D:7      | HP: 2/46 [WarriorsX's ghost (3)]
  5801 | D:6      | Reached skill level 5 in Dodging
  5983 | D:7      | HP: 1/46 [WarriorsX's ghost/magic dart (8)]
  6177 | D:8      | Reached skill level 8 in Necromancy
  6250 | D:8      | Killed from afar by an orc priest

Skill      XL: |  1  2  3  4  5  6  7  8 |
---------------+-------------------------+-----
Necromancy     | 5 6 7 8 |  8.1
Stealth        | 3 |  3.7
Spellcasting   | 4 5 6 7 |  7.9
Dodging        | 3 4 5 |  5.2
Armour         | 1 2 |  2.3
Fighting       | 1 2 3 |  3.1
Short Blades   | 1 |  1.7

Action                   |  1- 3 |  4- 6 |  7- 9 || total
-------------------------+-------+-------+-------++-------
Melee: Dagger            |    12 |       |       ||    12
       Unarmed           |     1 |       |       ||     1
       Short sword       |    23 |   210 |   157 ||   390
 Cast: Pain              |    37 |    82 |    43 ||   162
       Animate Skeleton  |     2 |       |       ||     2
       Vampiric Draining |       |     3 |    13 ||    16
       Regeneration      |       |     5 |     8 ||    13
       Animate Dead      |       |     6 |     1 ||     7
       Control Undead    |       |       |     5 ||     5
Invok: Renounce Religion |       |     1 |       ||     1
  Use: Scroll            |     5 |    14 |     3 ||    22
       Potion            |     1 |     9 |     1 ||    11
 Stab: Sleeping          |     6 |     3 |     3 ||    12
  Eat: Meat ration       |     1 |       |     1 ||     2
       Fruit             |       |     3 |     2 ||     5
       Pizza             |       |     2 |       ||     2
       Beef jerky        |       |     2 |       ||     2
Armor: Robe              |     9 |    12 |       ||    21
       Leather armour    |       |    73 |    83 ||   156
Dodge: Dodged            |    26 |   167 |   154 ||   347
